 Dungeon Crawl Stone Soup version 0.29-a0-1043-g569b05d6ff (webtiles) character file.

Game seed: 18348044648184379248

18 spiderkeys the Magician (level 2, -2/17 HPs)
             Began as an Octopode Hedge Wizard on Aug 16, 2022.
             Slain by a jackal (3 damage)
             ... on level 1 of the Dungeon.
             The game lasted 00:01:13 (770 turns).

spiderkeys the Magician (Octopode Hedge Wizard)      Turns: 770, Time: 00:01:13

Health: -2/17      AC:  1    Str:  9    XL:     2   Next: 66%
Magic:  2/6        EV: 13    Int: 16    God:
Gold:   83         SH:  0    Dex: 11    Spells: 6/7 levels left

rFire   . . .      SeeInvis .   a - +0 dagger
rCold   . . .      Faith    .   (no shield)
rNeg    . . .      Spirit   .   b - +0 hat
rPois   .          Reflect  .   (no amulet)
rElec   .          Harm     .   (no ring)
rCorr   .          Rampage  .   (no ring)
Will    .....                   (no ring)
Stlth   +++.......              (no ring)
HPRegen 0.05/turn               (no ring)
MPRegen 0.10/turn               (no ring)
                                (no ring)
                                (no ring)

@: no status effects
A: almost no armour, amphibious, 8 rings, camouflage 1, gelatinous body 1,
(nimble swimmer 1), tentacles
a: no special abilities


You were on level 1 of the Dungeon.
You visited 1 branch of the dungeon, and saw 1 of its levels.

You collected 83 gold pieces.


Innate Abilities, Weirdness & Mutations

You cannot wear most types of armour.
You are amphibious.
You can wear up to eight rings at the same time.
Your skin changes colour to match your surroundings (Stealth+).
Your rubbery body absorbs attacks. (AC +1, EV +1)
((You are camouflaged when in or above water. (Stealth+)))
You have tentacles for arms and can constrict up to eight enemies at once.


   Skills:
 - Level 2.0 Dodging
 - Level 2.6 Stealth
 + Level 3.2 Spellcasting
 + Level 1.6 Conjurations
 - Level 1.0 Summonings
 + Level 1.6 Translocations


You had 6 spell levels left.
You knew the following spells:

 Your Spells              Type           Power      Damage    Failure   Level
m - Magic Dart            Conj           28%        1d4       10%         1

Your spell library contained the following spells:

 Spells                   Type           Power      Damage    Failure   Level
 Blink                    Tloc           14%        N/A       14%         2
 Slow                     Hex            8%         N/A       19%         1
 Call Imp                 Summ           5%         N/A       19%         2
 Ensorcelled Hibernation  Hex/Ice        4%         N/A       28%         2
 Conjure Flame            Conj/Fire      5%         6-21      36%         3
 Mephitic Cloud           Conj/Pois/Air  4%         N/A       41%         3
 Spider Form              Tmut/Pois      2%         N/A       50%         3
 Anguish                  Hex/Necr       1%         N/A       88%         4

Inventory:

Hand Weapons
 a - a +0 dagger (weapon)
Missiles
 d - 6 stones
Armour
 b - a +0 hat (worn)
Scrolls
 f - a scroll of summoning {unknown}
Potions
 c - a potion of magic

Dungeon Overview and Level Annotations

Branches:
Dungeon (1/15) Zot: 5229

Altars:

#.# #.§§ .§#
##§## #§§§# #§§§#
####§§§####
###§§§§§§§§§###.#
#§§§§h@§§§§§§§..#
#§#§§h§§§§§§§####
####§§§###§#
#§§§###.#####
#§§§§.......#
#######.###.# #.#
#.# #.# #.# #.#
#.#


You could see 2 jackals.


Message History

😎 MP[-1]
You lost 1 mp, and now have 2/6 mp.
The magic dart hits the giant cockroach but does no damage. 😎 MP[-1]
You lost 1 mp, and now have 1/6 mp.
The magic dart hits the giant cockroach. 😎 MP[-1]
You lost 1 mp, and now have 0/6 mp.
A giant cockroach is nearby!
You are out of magic!
The giant cockroach closely misses you.
You barely miss the giant cockroach. Your grab misses the giant cockroach.
You squeeze the giant cockroach.
You kill the giant cockroach!
No target in view!
No target in view!
No target in view!
Key pressed, stopping explore.
You now have 35 gold pieces (gained 15).
You now have 43 gold pieces (gained 8).
Key pressed, stopping explore.
You see here a giant cockroach corpse.
Key pressed, stopping explore.
Key pressed, stopping explore.
You now have 55 gold pieces (gained 12).
You now have 63 gold pieces (gained 8).
Found a stone staircase leading down. 😎 MP[+6]
Your mp is fully restored (6).
You now have 74 gold pieces (gained 11).
You now have 83 gold pieces (gained 9).
A jackal comes into view.
A jackal is nearby!
A jackal is nearby!
The magic dart hits the jackal.
The jackal barks! 😎 MP[-1]
You lost 1 mp, and now have 5/6 mp.
The magic dart hits the jackal but does no damage. 😎 MP[-1]
You lost 1 mp, and now have 4/6 mp.
The magic dart hits the jackal but does no damage.
A jackal comes into view. 😎 MP[-1]
You lost 1 mp, and now have 3/6 mp.
The magic dart hits the jackal.
The jackal barely misses you. The jackal bites you. 😕 HP[-2] MP[-1]
You take 2 damage, and now have 15/17 hp.
You lost 1 mp, and now have 2/6 mp.
You hit the jackal. Your grab misses the jackal.
Your squeeze misses the jackal.
A jackal comes into view.
The jackal closely misses you.
You miss the jackal.
The jackal barks!
You grab the jackal.
You constrict the jackal, but do no damage.
The jackal bites you. x3 😮 HP[-5]
You take 5 damage, and now have 10/17 hp.
MASSIVE DAMAGE!! (PAUSE)
You are too injured to fight recklessly!
Casting: Magic Dart (safe; 10% risk of failure)
Confirm with . or Enter, or press ? or * to list all spells.
Aiming: Magic Dart (safe; 10% risk of failure)
Press: ? - help, Shift-Dir - straight line, f/p - jackal
Aim: a jackal (almost dead, constricted by you, 100% to hit)
The magic dart hits the jackal but does no damage.
You constrict the jackal.
You kill the jackal!
The jackal closely misses you. 😮 MP[-1]
You lost 1 mp, and now have 1/6 mp.
You are too injured to fight recklessly!
You are too injured to fight recklessly!
You are too injured to fight recklessly!
You completely miss the jackal. Your grab misses the jackal.
The jackal closely misses you. 😮 HP[+1]
You hit the jackal but do no damage. Your grab misses the jackal.
Your squeeze misses the jackal. The jackal barely misses you.
The jackal bites you. x2
* * * LOW HITPOINT WARNING * * *
The jackal closely misses you. 😨 HP[-5]
You take 5 damage, and now have 6/17 hp.
MASSIVE DAMAGE!! (PAUSE)
You closely miss the jackal. Your grab misses the jackal. The jackal bites you.
* * * LOW HITPOINT WARNING * * *
The jackal barely misses you. 😱 HP[-3] MP[+1]
You take 3 damage, and now have 3/17 hp.
Unknown command.
The air fills with toxic fumes!
As you read the scroll labelled ACKYIR YTELA, it crumbles to dust.
It was a scroll of poison.
The jackal bites you.
* * * LOW HITPOINT WARNING * * *
The jackal closely misses you. x2; The jackal bites you.
You die...

Action                   || total
-------------------------++-------
Melee: Dagger            ||     9
       Constrict         ||     3
       Tentacles         ||     2
 Cast: Magic Dart        ||    38
  Use: Scroll            ||     1
Dodge: Dodged            ||    16

Levels and vault maps discovered:
D:1:      dpeg_arrival_rhombus, layout_loops_ring,
          chequers_ecumenical_altar_lobes, reono_crystal_passage,
          corexii_corridor_pit, minmay_misc_feat_iff

Notes
Turn   | Place    | Note
-------+----------+-------------------------------------------
     0 | D:1      | spiderkeys the Octopode Hedge Wizard began the quest for
                  | the Orb.
     0 | D:1      | Reached XP level 1. HP: 11/11 MP: 4/4
     0 | D:1      | magus.rc [v1.11.3]
   275 | D:1      | Reached XP level 2. HP: 17/17 MP: 1/6
   442 | D:1      | You pick up a book of Dreams and begin reading...
   442 | D:1      | You add the spells Ensorcelled Hibernation, Spider Form and
                  | Anguish to your library.
   769 | D:1      | HP: 3/17 [jackal (3)]
   770 | D:1      | HP: 1/17 [jackal (2)]
   770 | D:1      | Slain by a jackal

Vanquished Creatures
  A dart slug (D:1)
  3 ball pythons (D:1)
  An endoplasm (D:1)
  A giant cockroach (D:1)
  A goblin (D:1)
  A jackal (D:1)
  A quokka (D:1)
  A bat (D:1)
  A frilled lizard (D:1)
  3 kobolds (D:1)
14 creatures vanquished.

Table legend:
 A = Non-vault XP
 B = Vault XP
 C = Vault XP percentage of total XP
 D = Non-vault monster count
 E = Vault monster count
 F = Vault count percentage of total count
                 A         B        C        D         E       F
            +---------+---------+-------+---------+---------+-------
      Total |      26 |       0 |   0.0 |      14 |       0 |   0.0
            +---------+---------+-------+---------+---------+-------
        D:1 |      26 |       0 |   0.0 |      14 |       0 |   0.0
            +---------+---------+-------+---------+---------+-------

Illustrated notes

Table legend:
 A = Kills in this place as a percentage of kills in entire the game.
 B = Kills by you in this place as a percentage of kills by you in the entire game.
 C = Kills by friends in this place as a percentage of kills by friends in the entire game.
 D = Other kills in this place as a percentage of other kills in the entire game.
 E = Experience gained in this place as a percentage of experience gained in the entire game.
 F = Experience gained in this place divided by the number of levels of this place that you have seen.
                   A       B       C       D       E      F
               +-------+-------+-------+-------+-------+----------------------
         Total | 100.0 | 100.0 |   N/A |   N/A | 100.0 |  26.0
       Dungeon | 100.0 | 100.0 |   N/A |   N/A | 100.0 |  26.0
               +-------+-------+-------+-------+-------+----------------------

Table legend: (Time is in decaauts)
 A = Elapsed time spent in this place.
 B = Non-inter-level travel time spent in this place.
 C = Inter-level travel time spent in this place.
 D = Time resting spent in this place.
 E = Time spent auto-exploring this place.
 F = Levels seen in this place.
 G = Mean time per level.
                   A        B        C        D        E       F      G
               +--------+--------+--------+--------+--------+-----+--------+
         Total |    770 |    770 |      0 |      5 |    689 |   1 |  770.0 |
       Dungeon |    770 |    770 |      0 |      5 |    689 |   1 |  770.0 |
               +--------+--------+--------+--------+--------+-----+--------+

Top non-repeatable levels by time:
     D:1: 770 daAuts
